 Dungeon Crawl Stone Soup version 0.28-a0-199-g298df9dbad (webtiles) character file.

Game seed: 851282434415978577

23 p0werm0de the Skirmisher (level 3, 0/45 HPs)
             Began as a Djinni Chaos Knight on Aug 19, 2021.
             Was a Plaything of Xom.
             Slain by Sigmund the polar bear (shapeshifter) (9 damage)
             ... on level 2 of the Dungeon.
             The game lasted 00:00:36 (1324 turns).

p0werm0de the Skirmisher (Djinni Chaos Knight)      Turns: 1324, Time: 00:00:37

Health: 0/45       AC: 21    Str: 14    XL:     3   Next: 12%
Gold:   93         EV:  2    Int: 13    God:    Xom [......] SH:  0 Dex: 12

rFire   . . .      SeeInvis .   a - +0 hand axe (chaos)
rCold   . . .      Faith    .   (no shield)
rNeg    + + +      Spirit   .   (armour currently unavailable)
rPois   ∞          Reflect  .   (helmet currently unavailable)
rElec   .          Harm     .   (cloak currently unavailable)
rCorr   .          Rampage  .   (gloves currently unavailable)
Will    .....      NoTele   +   (boots unavailable)
Stlth   +.........              (no amulet)
HPRegen 0.15/turn               (no ring)
MPRegen 0.00/turn               (no ring)

@: tree-form (expiring)
A: stationary, stasis, torment immunity, boosted hp, sickness immunity, (fire
resistance 2), (cold vulnerability 1), float, innate caster, hp casting, extra
vitality 1, strong 1
a: Renounce Religion


You were on level 2 of the Dungeon.
You worshipped Xom.
You were a very special plaything of Xom.
You were a tree.
You visited 1 branch of the dungeon, and saw 2 of its levels.

You collected 93 gold pieces.

Inventory:

Hand Weapons
 a - a +0 hand axe of chaos (weapon)
Armour
 b - a +2 leather armour (melded)
Jewellery
 l - a +4 ring of evasion
   (You found it on level 1 of the Dungeon)
Scrolls
 e - a scroll of teleportation {unknown}


   Skills:
 * Level 3.3 Fighting
 * Level 2.8 Axes
 * Level 1.6 Armour
 - Level 2.1 Dodging


You had one spell level left.
You knew the following spells:

 Your Spells              Type           Power      Damage    Failure   Level
a - Magic Dart            Conj           0%         1d3       30%         1
Your spell library was empty.

Dungeon Overview and Level Annotations

Branches:
Dungeon (2/15)

Altars:

Annotations:
D:2 Sigmund


Innate Abilities, Weirdness & Mutations

You are a tree.
Your roots penetrate the ground, keeping you stationary.
You cannot be teleported.
You are immune to unholy pain and torment.
Your maximum health is greatly increased.
Your equipment is partially melded.
You are immune to sickness and miasma.
You are immune to poison.
((Your flesh is very heat resistant. (rF++)))
((You are vulnerable to cold. (rC-)))
You float through the air rather than walking.
You learn spells naturally, not from books.
Your magical power is your life essence.
You have superior vitality. (+4 HP)
Your muscles are strong. (Str +2)


Message History

You hit Sigmund. You freeze Sigmund.
Sigmund is moderately wounded.
Sigmund bites you. Sigmund claws you! Sigmund claws you.
You barely miss Sigmund.
Sigmund is moderately wounded.
Sigmund bites you.
Sigmund claws you but does no damage. x2
You hit Sigmund but do no damage.
Sigmund is moderately wounded.
Sigmund completely misses you. Sigmund barely misses you. x2
You hit Sigmund but do no damage.
Sigmund the manticore changes into a shapeshifter!
Xom decides to shift things around a little.
Sigmund blinks!
You are now a very special plaything of Xom.
Sigmund the shapeshifter changes into a polar bear!
You swing at nothing.
You swing at nothing.
You swing at nothing.
You hit Sigmund but do no damage.
Sigmund is poisoned.
Sigmund bites you.
* * * LOW HITPOINT WARNING * * *
Sigmund claws you but does no damage. Sigmund completely misses you.
You hit Sigmund but do no damage. You drain Sigmund.
Your transformation is almost over.
Sigmund bites you but does no damage. Sigmund claws you but does no damage.
Sigmund barely misses you. Sigmund bites you but does no damage.
Sigmund claws you but does no damage. x2
You hit Sigmund. Sigmund bites you but does no damage.
Sigmund barely misses you. Sigmund claws you but does no damage.
You closely miss Sigmund. Sigmund bites you but does no damage.
Sigmund claws you but does no damage. x2
You hit Sigmund.
Sigmund easily resists.
Sigmund bites you but does no damage.
Sigmund claws you but does no damage. x2
You hit Sigmund but do no damage.
Sigmund seems to grow stronger.
Sigmund bites you but does no damage. Sigmund claws you.
* * * LOW HITPOINT WARNING * * *
Sigmund claws you.
* * * LOW HITPOINT WARNING * * *
You hit Sigmund but do no damage. Sigmund bites you!
You die...
Xom guffaws!

...............
.##..........##. # .
#..........##. #.##.
#..........##. #.#..
#.............
###.#.###.............
#.....##...........###
#....>##...........#
#....♣...###########
#...)h#### #.....#
#...[.# #.....#
#.....# #######


You could see Sigmund the polar bear shaped shifter (strong, poisoned, drained).

Vanquished Creatures
  A worm (D:2)
  An orc (D:2)
  An endoplasm (D:2)
  3 goblins (D:1)
  5 hobgoblins
  A ball python (D:1)
  2 kobolds
  5 rats
19 creatures vanquished.

Vanquished Creatures (others)
  5 toadstools (D:1)
5 creatures vanquished.

Grand Total: 24 creatures vanquished

Notes
Turn   | Place    | Note
-------+----------+-------------------------------------------
     0 | D:1      | p0werm0de the Djinni Chaos Knight began the quest for the
                  | Orb.
     0 | D:1      | Reached XP level 1. HP: 20/20 MP: 0/0
   573 | D:1      | Reached XP level 2. HP: 20/25 MP: 0/0
   671 | D:1      | XOM: cloud trail
   965 | D:2      | Reached XP level 3. HP: 12/30 MP: 0/0
   965 | D:2      | Learned a level 1 spell: Magic Dart
  1263 | D:2      | XOM: give mutation
  1263 | D:2      | Gained mutation: Your muscles are strong. (Str +2) [Xom's
                  | grace]
  1293 | D:2      | Noticed Sigmund
  1306 | D:2      | Noticed Sigmund
  1306 | D:2      | Noticed Sigmund
  1306 | D:2      | Sigmund the shapeshifter changed into Sigmund the guardian
                  | serpent
  1308 | D:2      | Noticed Sigmund
  1308 | D:2      | Sigmund the guardian serpent changed into Sigmund the
                  | manticore
  1314 | D:2      | Noticed Sigmund
  1314 | D:2      | Sigmund the manticore changed into Sigmund the shapeshifter
  1314 | D:2      | XOM: blink monster(s)
  1314 | D:2      | Noticed Sigmund
  1314 | D:2      | Sigmund the shapeshifter changed into Sigmund the polar
                  | bear
  1324 | D:2      | Slain by Sigmund the polar bear (shapeshifter)

Illustrated notes

Levels and vault maps discovered:
D:1:      ldierk_walled_garden, layout_loops_corners
D:2:      layout_rooms, uniq_sigmund, uniq_crazy_yiuf_cottage

Action                   || total
-------------------------++-------
Melee: Hand axe          ||    87
  Use: Scroll            ||     3
       Potion            ||     2
 Stab: Petrifying        ||     1
       Sleeping          ||     1
Armor: Leather armour    ||    28
       Skin              ||    22
Dodge: Dodged            ||    40

Table legend: (Time is in decaauts)
 A = Elapsed time spent in this place.
 B = Non-inter-level travel time spent in this place.
 C = Inter-level travel time spent in this place.
 D = Time resting spent in this place.
 E = Time spent auto-exploring this place.
 F = Levels seen in this place.
 G = Mean time per level.
                   A        B        C        D        E       F      G
               +--------+--------+--------+--------+--------+-----+--------+
         Total |   1339 |   1315 |     24 |      0 |   1121 |   2 |  669.5 |
       Dungeon |   1339 |   1315 |     24 |      0 |   1121 |   2 |  669.5 |
               +--------+--------+--------+--------+--------+-----+--------+

Top non-repeatable levels by time:
     D:1: 900 daAuts
     D:2: 438 daAuts
